 Dungeon Crawl Stone Soup version 0.28-a0-1374-ga75cb3825e (webtiles) character file.

Game seed: 16680537191797937303

490 freelancePsychic the Shooter (level 6, -1/51 HPs)
             Began as a Demonspawn Hunter on Jan 1, 2022.
             Was a Believer of Okawaru.
             Killed by divine providence
             ... invoked by an orc priest
              (13 damage)
             ... on level 4 of the Dungeon.
             The game lasted 00:07:35 (4024 turns).

freelancePsychic the Shooter (Demonspawn Hunter)    Turns: 4024, Time: 00:07:36

Health: -1/51      AC:  8    Str: 18    XL:     6   Next: 90%
Magic:  5/7        EV: 13    Int: 13    God:    Okawaru [**....]
Gold:   108        SH:  0    Dex: 13    Spells: 5/5 levels left

rFire   . . .      SeeInvis .   a - +1 shortbow
rCold   . . .      Faith    .   (shield currently unavailable)
rNeg    . . .      Spirit   .   h - +0 ring mail
rPois   .          Reflect  .   (no helmet)
rElec   .          Harm     .   l - +1 cloak "Voseliro" {Str+4}
rCorr   .          Rampage  .   (no gloves)
Will    .....                   (no boots)
Stlth   ++........              (no amulet)
HPRegen 0.17/turn               (no ring)
MPRegen 0.10/turn               (no ring)

@: heroic
A: hooves 2, spiny 1
a: Renounce Religion, Heroism


You were on level 4 of the Dungeon.
You worshipped Okawaru.
Okawaru was pleased with you.
You visited 1 branch of the dungeon, and saw 4 of its levels.

You collected 108 gold pieces.

Inventory:

Hand Weapons
 a - a +1 shortbow (weapon)
 b - a +0 short sword
Missiles
 d - 28 arrows (quivered ammo)
Armour
 h - a +0 ring mail (worn)
 l - the +1 cloak "Voseliro" (worn) {Str+4}
   (You found it on level 3 of the Dungeon)

   Str:       It affects your strength (+4).
Potions
 e - a potion of mutation {unknown}
 g - a potion of curing {@q1}
 j - a potion of lignification {unknown}
 k - a potion of might


   Skills:
 + Level 5.1(10.1) Fighting
 - Level 0.4(5.4) Short Blades
 + Level 5.7(10.7) Bows
 - Level 1.7(6.7) Dodging
 - Level 0.8(5.8) Stealth
 + Level 2.6 Invocations


You had 5 spell levels left.
You didn't know any spells.
Your spell library contained the following spells:

 Spells                   Type           Power      Damage    Failure   Level
 Slow                     Hex            0%         N/A       45%         1
 Confusing Touch          Hex            0%         N/A       83%         3
 Vampiric Draining        Necr           0%         2d6       83%         3


Dungeon Overview and Level Annotations

Branches:
Dungeon (4/15)
 Temple: D:4-7

Altars:
Makhleb
Okawaru

Shops:
D:1 *


Innate Abilities, Weirdness & Mutations

You have hoof-like feet.
You are partially covered in sharp spines.


Message History

You kill the orc!
Okawaru accepts your kill. The orc is struck by your spines.
The orc barely misses you.
Fire: 33 arrows
Press: ? - help, Q - select action, (/) - cycle Shift-Dir - straight line, f/p - orc priest
Aim: an orc priest, wielding a +0 hand axe (69% to hit)
You shoot an arrow. The arrow hits the orc.
The orc is heavily wounded.
The orc is struck by your spines. The orc hits you with a +0 mace.
The orc priest mumbles some strange prayers to Beogh against you.
Beogh smites you! The orc hits you with a +0 hand axe.
* * * LOW HITPOINT WARNING * * *
Fire: 32 arrows
Press: ? - help, Q - select action, (/) - cycle Shift-Dir - straight line, f/p - orc priest
Aim: an orc priest, wielding a +0 hand axe (69% to hit)
You shoot an arrow. The arrow hits the orc.
The orc is almost dead.
The orc closely misses you.
Fire: 31 arrows
Press: ? - help, Q - select action, (/) - cycle Shift-Dir - straight line, f/p - orc priest
Aim: an orc priest, wielding a +0 hand axe (69% to hit)
You shoot an arrow. The arrow hits the orc.
You kill the orc!
Okawaru accepts your kill.
Fire: 30 arrows
Press: ? - help, Q - select action, (/) - cycle Shift-Dir - straight line, f/p - orc priest
Aim: an orc priest, wielding a +0 hand axe (69% to hit)
You shoot an arrow. The arrow hits the orc priest.
The orc priest is moderately wounded.
The orc is struck by your spines.
You kill the orc!
Okawaru accepts your kill.
Fire: 29 arrows
Press: ? - help, Q - select action, (/) - cycle Shift-Dir - straight line, f/p - orc priest
Aim: an orc priest, wielding a +0 hand axe (moderately wounded, 69% to hit)
You shoot an arrow. The arrow hits the orc priest.
The orc priest is heavily wounded.
The orc priest calls down the wrath of Beogh upon you.
Beogh smites you!
You die...

... .> .. #.
#<. ##.#
#..# #(..##
#..# #.?.(##
#..#
#..().##
#.o# #.@o(##
##..#
###.(.###<.#
##.(....##
### #$$....#
#..#
##....##
#...#
##....##
#...#
##......#
#...#
#...)...##
#...#
#...###...##


You could see an orc priest.

Vanquished Creatures
  Grinder (D:3)
  A black bear (D:4)
  An orc wizard (D:4)
  A hound skeleton (D:4)
  3 gnolls (D:4)
  8 adders
  A river rat (D:3)
  3 worms
  A dart slug (D:1)
  4 orcs
  8 endoplasms
  3 giant cockroaches
  6 goblins
  3 hobgoblins
  A jackal (D:2)
  7 kobolds
  A quokka (D:4)
  3 ball pythons
  7 bats
  3 frilled lizards
  7 rats
73 creatures vanquished.

Notes
Turn   | Place    | Note
-------+----------+-------------------------------------------
     0 | D:1      | freelancePsychic the Demonspawn Hunter began the quest for
                  | the Orb.
     0 | D:1      | Reached XP level 1. HP: 16/16 MP: 1/1
   195 | D:1      | Found Plog's General Store.
   201 | D:1      | Found a faded altar of an unknown god.
   220 | D:1      | Prayed at the altar of an unknown god.
   220 | D:1      | Became a worshipper of Warmaster Okawaru
   220 | D:1      | Reached * piety under Okawaru
   269 | D:1      | Gained mutation: You have large cloven feet. [demonic
                  | ancestry]
   269 | D:1      | Reached XP level 2. HP: 22/22 MP: 2/2
   967 | D:2      | You fall into a shaft and drop 1 floor!
  1208 | D:2      | Reached XP level 3. HP: 19/28 MP: 3/3
  1948 | D:2      | Found a burning altar of Makhleb.
  2643 | D:3      | Gained mutation: You have hoof-like feet. [demonic
                  | ancestry]
  2643 | D:3      | Reached XP level 4. HP: 21/35 MP: 1/4
  2809 | D:3      | Identified the +1 cloak "Voseliro" {Str+4}
  2977 | D:3      | Noticed Grinder
  2988 | D:3      | Killed Grinder
  2988 | D:3      | Reached ** piety under Okawaru
  2989 | D:3      | Reached skill level 5 in Bows
  2989 | D:3      | Gained mutation: You are partially covered in sharp spines.
                  | [demonic ancestry]
  2989 | D:3      | Reached XP level 5. HP: 41/43 MP: 2/5
  2989 | D:3      | Reached XP level 6. HP: 47/49 MP: 2/6
  3516 | D:3      | Reached skill level 1 in Invocations
  3840 | D:4      | Reached skill level 5 in Fighting
  4024 | D:4      | Killed from afar by an orc priest

Illustrated notes

Levels and vault maps discovered:
D:1:      nagdon_arrival_zigzag_paths, layout_loops_ring, serial_shops,
          shop_fountains, ebering_ecumenical_altar_webs, hangedman_decor_growths
D:2:      layout_loops_corners, basic_altar, minmay_ruptured
D:3:      layout_basic, lightli_sewer_entry_pipes, uniq_grinder
D:4:      layout_layer_cave, lightli_ossuary_entry_decrepit_ruins,
          nicolae_concentric_dashed_squares_wild

Skill      XL: |  1  2  3  4  5  6 |
---------------+-------------------+-----
Bows           | 4 5 |  5.7
Fighting       | 3 4 5 |  5.1
Invocations    | 2 |  2.6
Short Blades   | |  0.4
Dodging        | |  1.7
Stealth        | |  0.8

Action                   |  1- 3 |  4- 6 || total
-------------------------+-------+-------++-------
Melee: Short sword       |    64 |       ||    64
       Kick              |     8 |       ||     8
 Fire: Shortbow          |    64 |    98 ||   162
Invok: Heroism           |     2 |     3 ||     5
  Use: Scroll            |     1 |     3 ||     4
       Potion            |       |     2 ||     2
Armor: Leather armour    |     8 |       ||     8
       Ring mail         |    25 |    20 ||    45
Dodge: Dodged            |    42 |    39 ||    81

Table legend: (Time is in decaauts)
 A = Elapsed time spent in this place.
 B = Non-inter-level travel time spent in this place.
 C = Inter-level travel time spent in this place.
 D = Time resting spent in this place.
 E = Time spent auto-exploring this place.
 F = Levels seen in this place.
 G = Mean time per level.
                   A        B        C        D        E       F      G
               +--------+--------+--------+--------+--------+-----+--------+
         Total |   4057 |   3930 |    127 |    178 |   3188 |   4 | 1014.2 |
       Dungeon |   4057 |   3930 |    127 |    178 |   3188 |   4 | 1014.2 |
               +--------+--------+--------+--------+--------+-----+--------+

Top non-repeatable levels by time:
     D:3: 1453 daAuts
     D:2: 1417 daAuts
     D:1: 971 daAuts
     D:4: 215 daAuts
